Map: Eternal Empire LE

Players

ShoWTimE

  • Race: Protoss Protoss
  • League: Grandmaster
  • Spawn Location: 1:00

Cure - Winner!

  • Race: Terran Terran
  • League: Master
  • Spawn Location: 7:00

VOD

Have the link to the VOD?

Description

Time

  • Played on: Jan. 14, 2020, 1:09 p.m.
  • Length: 21:32
Show
View Real Time Build Order
Export as new Build Order

ShoWTimE Protoss 

Build Orders: 1 Gate Expand, Blink Stalkers, Colossus Rush 

Get SALT Encoding   

  12  0:00  Probe  
  13  0:12  Probe  
  14  0:18  Pylon  
  14  0:24  Probe (Chrono Boost)  
  15  0:37  Probe (Chrono Boost), Gateway  
  16  0:45  Probe (Chrono Boost)  
  16  0:46  Assimilator  
  17  0:51  Probe  
  18  1:03  Probe  
  19  1:15  Probe  
  20  1:23  Nexus  
  20  1:33  Cybernetics Core  
  20  1:35  Probe  
  21  1:42  Assimilator  
  21  1:47  Probe  
  21  1:52  Pylon  
  22  1:59  Probe  
  23  2:07  Adept (Chrono Boost)  
  23  2:10  Warp Gate  
  23  2:11  Probe  
  26  2:23  Probe (Chrono Boost)  
  26  2:28  Stalker (Chrono Boost)  
  27  2:34  Twilight Council  
  27  2:35  Probe (Chrono Boost)  
  31  2:42  Probe (Chrono Boost)  
  32  2:44  Probe (Chrono Boost)  
  32  2:49  Probe x2 (Chrono Boost)  
  32  2:51  Stalker  
  36  3:00  Probe  
  36  3:03  Probe  
  36  3:05  Blink (Chrono Boost)  
  38  3:12  Probe  
  39  3:15  Probe  
  40  3:24  Probe  
  40  3:25  Pylon  
  40  3:26  Robotics Facility  
  41  3:27  Probe  
  42  3:36  Probe  
  42  3:39  Probe  
  44  3:46  Gateway x2  
  44  3:48  Probe, Assimilator  
  45  3:51  Probe  
  46  4:00  Probe  
  46  4:02  Pylon  
  47  4:03  Probe, Stalker  
  50  4:12  Probe  
  50  4:15  Probe, Observer (Chrono Boost)  
  53  4:20  Nexus  
  53  4:23  Pylon  
  53  4:24  Probe  
  53  4:27  Probe  
  53  4:28  Observer (Chrono Boost)  
  56  4:34  Assimilator  
  56  4:37  Probe  
  55  4:40  Probe  
  55  4:42  Robotics Bay  
  56  4:46  Stalker  
  56  4:48  Stalker  
  56  4:49  Probe  
  56  4:51  Observer  
  56  4:52  Probe  
  63  4:54  Pylon  
  63  5:01  Probe, Stalker  
  63  5:04  Probe  
  67  5:12  Pylon  
  67  5:14  Probe  
  68  5:16  Probe  
  68  5:18  Stalker  
  71  5:26  Colossus (Chrono Boost)  
  71  5:28  Gateway x2  
  77  5:36  Stalker  
  77  5:41  Probe  
  80  5:43  Stalker  
  80  5:44  Probe  
  80  5:48  Probe  
  82  6:01  Sentry  
  82  6:02  Zealot, Shield Battery  
  84  6:09  Colossus (Chrono Boost)  
  84  6:14  Shield Battery  
  84  6:16  Shield Battery  
  90  6:21  Shield Battery  
  90  6:22  Pylon  
  90  6:24  Zealot x2  
  94  6:26  Sentry  
  94  6:30  Sentry, Zealot  
  99  6:36  Pylon  
  99  6:46  Stalker x2  
  100  6:50  Stalker  
  100  6:53  Probe x3 (Chrono Boost)  
  105  6:59  Pylon  
  105  7:04  Pylon  
  105  7:05  Probe x3 (Chrono Boost)  
  108  7:09  Probe (Chrono Boost)  
  108  7:10  Probe x2 (Chrono Boost)  
  108  7:12  Forge  
  108  7:13  Forge  
  111  7:19  Probe x3  
  111  7:20  Extended Thermal Lance (Chrono Boost)  
  111  7:22  Assimilator  
  114  7:24  Charge  
  114  7:25  Assimilator  
  114  7:31  Probe  
  115  7:41  Gateway  
  115  7:44  Shield Battery  
  115  7:47  Gateway x2  
  115  7:48  Protoss Ground Armor Level 1 (Chrono Boost)  
  115  7:49  Pylon  
  115  7:52  Stalker x2  
  115  7:54  Protoss Ground Weapons Level 1 (Chrono Boost)  
  115  7:56  Colossus (Chrono Boost)  
  119  8:03  Observer  
  119  8:04  Stalker x2  
  129  8:08  Observer  
  129  8:12  Probe x3  
  132  8:14  Pylon  
  132  8:17  Stalker x2  
  132  8:18  Stalker  
  138  8:22  Pylon  
  138  8:32  Nexus, Observer  
  138  8:38  Zealot x3  
  138  8:40  Probe x3  
  147  8:44  Templar Archives  
  147  8:47  Warp Prism (Chrono Boost)  
  149  8:58  Probe x2  
  149  8:59  Probe, Photon Cannon  
  151  9:07  Zealot x3  
  157  9:13  Unknown  
  157  9:16  Pylon  
  157  9:17  Pylon  
  157  9:18  Gateway  
  157  9:19  Gateway  
  157  9:22  Probe  
  157  9:23  Observer  
  153  9:33  High Templar x2  
  157  9:39  Archon, Stalker x6  
  163  9:53  Protoss Ground Weapons Level 2 (Chrono Boost), Protoss Ground Armor Level 2 (Chrono Boost)  
  163  9:59  Photon Cannon  
  163  10:01  Photon Cannon  
  163  10:02  Shield Battery  
  163  10:08  High Templar x4  
  163  10:09  Zealot x4  
  179  10:14  Archon x2  
  169  10:32  Stalker x6  
  177  10:36  Probe x2  
  177  10:45  Disruptor  
  177  10:48  Robotics Facility  
  180  10:57  Zealot  
  180  11:01  Dark Shrine  
  182  11:09  Shield Battery  
  182  11:13  Pylon, Photon Cannon, Zealot x3  
  188  11:19  Photon Cannon  
  188  11:21  Photon Cannon  
  188  11:23  Pylon  
  188  11:28  Disruptor (Chrono Boost)  
  191  11:33  Nexus  
  191  11:34  Pylon  
  191  11:35  Disruptor (Chrono Boost)  
  192  11:56  Disruptor  
  192  11:59  Psionic Storm  
  192  12:01  High Templar, Assimilator  
  195  12:02  High Templar  
  195  12:04  Assimilator  
  199  12:10  Pylon  
  199  12:11  Gravitic Drive (Chrono Boost)  
  193  12:38  Protoss Ground Weapons Level 3 (Chrono Boost), Protoss Ground Armor Level 3 (Chrono Boost)  
  193  12:43  Disruptor x2 (Chrono Boost)  
  190  13:04  Photon Cannon  
  190  13:06  Photon Cannon  
  190  13:07  Photon Cannon, Gravitic Boosters  
  190  13:09  Photon Cannon  
  190  13:11  Robotics Facility, Shield Battery  
  190  13:12  Shield Battery  
  190  13:14  Pylon  
  190  13:17  Dark Templar x4  
  190  13:18  Zealot  
  198  13:33  Warp Prism (Chrono Boost)  
  198  13:34  Warp Prism (Chrono Boost)  
  188  13:35  Gateway  
  188  13:37  Gateway  
  188  13:38  Gateway  
  184  13:43  Gateway  
  184  13:47  Pylon  
  184  13:50  High Templar  
  184  13:51  Zealot x7  
  200  13:58  Gateway  
  200  14:00  Gateway  
  200  14:02  Pylon  
  200  14:12  Stargate  
  200  14:13  Pylon  
  166  14:48  Disruptor x2  
  166  14:49  High Templar x2  
  166  14:50  Zealot x4  
  178  15:00  Zealot, Stalker x2  
  178  15:01  Zealot x5  
  192  15:10  Zealot  
  192  15:11  Zealot x3  
  200  15:18  Nexus  
  200  15:19  Fleet Beacon, Pylon  
  200  15:20  Stargate  
  195  15:33  High Templar x4  
  200  15:36  Disruptor (Chrono Boost)  
  200  15:37  Disruptor (Chrono Boost)  
  200  15:38  Disruptor (Chrono Boost)  
  190  15:45  Stalker x2  
  190  15:46  Stalker x4  
  186  15:50  Zealot x2, Stalker x2  
  190  16:04  Disruptor (Chrono Boost)  
  190  16:05  Disruptor (Chrono Boost)  
  190  16:09  Zealot, Stalker x4  
  190  16:10  Zealot x4  
  195  16:12  Archon  
  195  16:14  Zealot x5  
  195  16:18  Disruptor (Chrono Boost)  
  167  16:24  Observer  
  140  16:31  Archon  
  140  16:32  Zealot x5  
  142  16:38  High Templar x4  
  148  16:42  Probe x3  
  148  16:45  Disruptor (Chrono Boost)  
  152  16:47  Observer (Chrono Boost)  
  152  16:49  High Templar x2  
  152  16:52  Archon x2, Observer (Chrono Boost)  
  152  16:54  High Templar x2  
  159  16:55  High Templar  
  159  16:56  Probe  
  159  16:57  Probe x2  
  159  16:59  Probe x2  
  168  17:02  Disruptor  
  169  17:13  Zealot x4  
  163  17:17  Disruptor  
  166  17:24  Dark Templar  
  166  17:25  Dark Templar x2  
  172  17:35  Disruptor  
  175  17:38  Pylon, Disruptor  
  176  17:47  Zealot x5  
  183  17:53  Observer  
  184  18:01  Stalker x4  
  192  18:09  Dark Templar  
  188  18:14  Stalker x3  
  177  18:30  Dark Templar x2, Zealot  
  177  18:31  Zealot x4  
  171  18:34  Archon  
  171  18:35  Dark Templar  
  162  18:46  Stalker x3  
  157  18:53  Zealot x3  
  149  19:02  Stalker x2  
  142  19:25  Nexus  
  142  19:26  Dark Templar  
  144  19:32  High Templar x5  
  144  19:33  High Templar x2  
  158  19:42  Pylon  
  158  19:45  High Templar x3  
  144  20:11  Disruptor x2 (Chrono Boost)  
  151  20:18  Disruptor (Chrono Boost)  
  141  20:32  Archon  
  141  20:35  Observer  
  141  20:38  Disruptor (Chrono Boost)  
  141  20:41  Archon  
  141  20:42  Stalker x2  
  142  20:47  Disruptor  
  142  20:48  High Templar x2  
  147  21:01  Stalker x3  
  138  21:13  Archon  
  138  21:17  Stalker x3  
  112  21:26  Stalker  
Show
View Real Time Build Order
Export as new Build Order

Cure Terran - Winner!

Build Orders: Reaper Expand 

Get SALT Encoding   

  12  0:01  SCV  
  13  0:13  SCV  
  14  0:17  Supply Depot  
  14  0:25  SCV  
  15  0:39  SCV  
  15  0:42  Barracks  
  16  0:43  Refinery  
  16  0:51  SCV  
  17  1:03  SCV  
  18  1:15  SCV  
  19  1:29  Orbital Command, Reaper  
  20  1:47  Command Center  
  20  1:50  Supply Depot  
  20  1:55  SCV  
  20  2:01  Marine  
  21  2:07  SCV  
  23  2:15  Factory  
  23  2:17  Refinery  
  23  2:23  Barracks Reactor  
  23  2:24  SCV  
  24  2:37  SCV  
  25  2:49  SCV  
  26  2:59  Marine, Widow Mine  
  26  3:00  Marine, Starport, Orbital Command  
  26  3:01  SCV  
  31  3:13  SCV  
  31  3:17  Marine x2  
  34  3:20  Supply Depot, Widow Mine  
  34  3:25  SCV  
  37  3:27  SCV  
  38  3:37  SCV, Fusion Core  
  38  3:39  SCV  
  40  3:42  Starport Tech Lab, Factory Tech Lab  
  40  3:45  Refinery  
  40  3:49  SCV  
  40  3:50  Marine x2  
  43  3:56  Supply Depot  
  43  3:57  SCV  
  43  4:01  SCV  
  45  4:09  SCV, Marine x2  
  48  4:13  SCV  
  49  4:21  SCV  
  50  4:24  Battlecruiser  
  50  4:25  SCV  
  50  4:29  Supply Depot  
  57  4:33  SCV, Marine x2  
  57  4:38  SCV  
  60  4:45  Supply Depot  
  60  4:46  SCV  
  60  4:51  Marine x2, Siege Tank  
  66  4:53  SCV  
  66  4:57  Supply Depot  
  66  4:59  SCV  
  68  5:05  SCV  
  69  5:07  Supply Depot  
  69  5:11  SCV, Marine x2  
  71  5:21  SCV  
  71  5:23  SCV  
  73  5:29  Battlecruiser  
  73  5:30  Supply Depot  
  73  5:34  Siege Tank  
  82  5:48  SCV x2, Command Center  
  84  5:53  Marine x2  
  86  6:02  SCV x2  
  88  6:05  Supply Depot, Barracks x2, Refinery  
  88  6:11  Marine x2, Siege Tank  
  91  6:14  SCV x2  
  95  6:26  SCV x2  
  95  6:28  Engineering Bay x2  
  97  6:33  Weapon Refit  
  97  6:37  Marine x2  
  97  6:38  SCV x2  
  98  6:50  SCV  
  98  6:51  SCV  
  106  7:00  Barracks Tech Lab  
  106  7:01  Siege Tank  
  103  7:03  SCV x2, Terran Infantry Weapons Level 1, Terran Infantry Armor Level 1  
  105  7:09  Starport Reactor  
  105  7:10  Marine x2, Barracks, Stimpack, Marauder  
  105  7:15  SCV x2  
  111  7:17  Barracks  
  111  7:20  Marauder  
  111  7:21  Orbital Command  
  113  7:29  SCV x2  
  115  7:33  Combat Shield, Refinery  
  115  7:35  Refinery  
  115  7:39  Marauder  
  115  7:41  Marine x2, SCV x2, Marauder  
  123  7:49  Supply Depot x2  
  123  7:50  SCV  
  124  7:53  SCV  
  124  7:58  Barracks Tech Lab  
  125  8:05  Supply Depot, Missile Turret  
  125  8:06  Supply Depot  
  125  8:08  Supply Depot, Missile Turret  
  125  8:10  SCV, Medivac x2  
  125  8:12  Missile Turret  
  130  8:13  Missile Turret, Barracks Reactor, Armory  
  130  8:19  Marine x2, Marauder x3  
  138  8:22  SCV x2  
  138  8:23  SCV  
  141  8:32  Concussive Shells  
  141  8:33  Command Center  
  141  8:35  SCV  
  141  8:36  SCV x2  
  141  8:40  Medivac x2  
  148  8:48  Marine x2, Marauder x3  
  156  8:53  Starport, Ghost Academy  
  156  8:55  Factory Reactor  
  156  9:00  Supply Depot  
  156  9:01  Supply Depot x2  
  156  9:08  Terran Infantry Weapons Level 2, Terran Infantry Armor Level 2  
  156  9:10  Terran Ship Weapons Level 1  
  156  9:14  Marine x3, Marauder x3  
  165  9:21  Marine  
  166  9:27  Enhanced Shockwaves  
  166  9:29  Barracks x2  
  166  9:30  Barracks  
  152  9:35  Viking x2  
  154  9:52  Marine x4, Marauder x2  
  158  9:53  Marauder  
  158  9:56  Viking x2  
  156  10:01  Missile Turret  
  156  10:07  Sensor Tower, Viking x2  
  160  10:26  Marine x4, Marauder x2  
  160  10:27  Marauder  
  169  10:33  Viking x2  
  172  10:39  Viking x2  
  173  10:44  Marine x2  
  173  10:47  Ghost x3  
  179  10:57  Barracks Tech Lab  
  179  10:58  Barracks Reactor, Barracks Tech Lab  
  179  11:06  Medivac x2  
  179  11:10  Supply Depot  
  183  11:12  Marine x4  
  183  11:15  Ghost  
  183  11:16  Marine x2  
  191  11:22  SCV x2  
  191  11:23  SCV  
  194  11:30  Marine x2  
  196  11:34  Marauder  
  198  11:41  Ghost  
  198  11:46  Refinery  
  200  11:48  Fusion Core  
  200  11:50  Sensor Tower, Refinery  
  200  11:59  Missile Turret  
  200  12:08  Supply Depot  
  200  12:09  Supply Depot  
  200  12:11  Supply Depot  
  200  12:15  Planetary Fortress  
  198  12:25  Supply Depot  
  198  12:30  Command Center  
  198  12:32  Ghost  
  198  12:36  Missile Turret  
  200  12:42  Ghost x2  
  192  12:45  Terran Ship Weapons Level 2  
  192  12:46  Advanced Ballistics  
  192  12:50  Command Center  
  191  13:00  Command Center  
  191  13:08  Starport  
  191  13:12  Marine x4, Marauder x2  
  197  13:27  Engineering Bay  
  197  13:28  Engineering Bay  
  193  13:39  SCV x4  
  196  13:42  Liberator x3  
  196  13:43  Ghost x3  
  189  13:51  SCV x2  
  189  13:53  Refinery  
  191  14:00  Starport Reactor  
  191  14:02  Terran Infantry Armor Level 3, Terran Infantry Weapons Level 3  
  200  14:04  Missile Turret  
  200  14:05  Missile Turret  
  200  14:06  Missile Turret  
  200  14:08  Missile Turret  
  200  14:15  Planetary Fortress  
  200  14:23  SCV x2  
  200  14:25  Orbital Command x2  
  200  14:27  Marine x2  
  200  14:28  Marauder  
  196  14:59  SCV  
  190  15:00  SCV x2  
  190  15:01  Marine x5, Marauder x2  
  200  15:07  Sensor Tower  
  200  15:13  Command Center  
  200  15:14  Supply Depot  
  200  15:15  Supply Depot  
  200  15:16  Missile Turret  
  200  15:18  Unknown  
  199  15:27  Marine x6  
  199  15:28  Marauder x3  
  192  15:32  Ghost x2  
  189  15:45  Marine x3  
  189  15:49  Marauder  
  175  15:50  Ghost x2  
  175  15:51  Marine  
  175  15:52  Marine  
  181  16:01  Ghost x2  
  185  16:05  Command Center  
  185  16:08  Marine x2  
  185  16:09  Marine x2  
  185  16:10  Marauder  
  175  16:13  Marine x2  
  159  16:20  Marauder x2, Liberator x2  
  154  16:26  Marine x2, Medivac x3  
  154  16:27  Medivac  
  154  16:30  Marauder x2  
  157  16:39  Liberator x2  
  163  16:48  Marine x4, Marauder  
  163  16:49  Marine x2, Marauder x2  
  163  16:51  Marauder  
  177  16:56  Marauder  
  177  17:00  Orbital Command  
  185  17:01  Liberator x2  
  185  17:03  Liberator  
  185  17:06  Marine x4  
  185  17:07  Marine x2  
  185  17:10  Marauder x2  
  185  17:13  Liberator  
  179  17:20  Ghost x3  
  194  17:31  Marauder  
  199  17:49  Missile Turret  
  177  18:13  Ghost x2  
  177  18:14  Marine x4  
  177  18:15  Marauder  
  177  18:16  Marine x3, Marauder  
  172  18:32  Marine x4  
  172  18:34  Marine x2, Marauder  
  155  18:36  Marauder  
  155  18:38  Marauder  
  161  18:42  Marine  
  161  18:43  Marauder  
  161  18:45  Orbital Command  
  135  18:49  Marine x2  
  135  18:50  Marine x2  
  135  18:51  Marine x2  
  133  18:56  Marauder, Orbital Command  
  133  18:57  Marauder  
  133  18:59  Marauder  
  133  19:00  Marine  
  135  19:03  Marine  
  135  19:06  SCV x5  
  135  19:07  Marine x4  
  135  19:09  Marine x2  
  147  19:15  SCV  
  148  19:17  Marauder  
  148  19:18  SCV x2, Marauder  
  148  19:19  Marauder  
  148  19:21  Marine, Marauder  
  148  19:23  Liberator x2  
  159  19:25  Marine x3  
  159  19:26  Missile Turret  
  159  19:27  Planetary Fortress  
  159  19:28  Liberator  
  159  19:29  SCV  
  163  19:31  SCV x2  
  163  19:32  SCV  
  163  19:37  Liberator  
  166  19:39  Missile Turret, Marauder  
  177  19:48  SCV  
  177  19:49  SCV x3  
  177  19:50  SCV x2  
  183  19:53  Sensor Tower  
  185  20:00  SCV  
  180  20:08  Ghost x2  
  180  20:09  Marine x6, Marauder  
  180  20:10  Marauder x2  
  192  20:27  Marine x6  
  192  20:28  Liberator x2  
  198  20:31  Marauder x2  
  183  20:44  Medivac x3  
  183  20:48  Ghost x2  
  183  20:49  Marine x4, Marauder  
  198  21:11  Marine x4  
Tags
 
Add a new tag
Caveats
  • Supply blocks, unpowered buildings, or Contaminate may cause inaccurate times.
  • Supply counts are checked every 10 seconds.